 Dungeon Crawl Stone Soup version 0.31.0-32-g396128a36d (webtiles) character file.

Game seed: 3751952406295806047

17138 Heoruswealwe the Eclecticist (level 12, -2/59 HPs)
             Began as a Deep Elf Conjurer on Mar 15, 2024.
             Was an Elder of Vehumet.
             Hit by a large rock thrown by a cyclops (35 damage)
             ... on level 12 of the Dungeon.
             The game lasted 02:06:55 (11176 turns).

Heoruswealwe the Eclecticist (Deep Elf Conjurer)   Turns: 11176, Time: 02:06:56

Health: -2/59      AC:  8    Str:  4    XL:     12   Next: 16%
Magic:  37/45      EV: 12    Int: 29    God:    Vehumet [****..]
Gold:   532        SH:  0    Dex: 13    Spells: 15/47 levels left

rFire   . . .        a - staff of conjuration
rCold   . . .        (no shield)
rNeg    . . .        c - +2 robe {Will+}
rPois   .            g - +0 helmet
rElec   .            h - +1 cloak {Will+}
rCorr   .            f - +0 pair of gloves
SInv    +            (no boots)
Will    +++..        i - amulet of magic regeneration
Stlth   ++           k - ring of see invisible
HPRegen 0.29/turn    j - ring of magical power
MPRegen 0.69/turn

%: no passive effects
@: no status effects
A: no striking features
a: Renounce Religion


You were on level 12 of the Dungeon.
You worshipped Vehumet.
Vehumet was greatly pleased with you.
You visited 2 branches of the dungeon, and saw 13 of its levels.
You also visited: Ossuary.

You collected 665 gold pieces.
You spent 133 gold pieces at shops.

Inventory:

Hand Weapons
 b - a +0 battleaxe
Armour
 c - a +2 robe of willpower (worn)
 f - a +0 pair of gloves (worn)
 g - a +0 helmet (worn)
 h - a +1 cloak of willpower (worn)
Magical Staves
 a - a staff of conjuration (weapon)
 p - a staff of air
 r - a staff of alchemy
Jewellery
 i - an amulet of magic regeneration (around neck)
 j - a ring of magical power (right hand)
 k - a ring of see invisible (left hand)
 F - an amulet of regeneration
Wands
 v - a wand of quicksilver (5)
 E - a wand of paralysis (25)
 G - a wand of digging (5)
Scrolls
 d - 9 scrolls of fear
 e - 4 scrolls of blinking
 n - a scroll of amnesia
 o - 5 scrolls of revelation
 s - a scroll of enchant weapon
 t - 6 scrolls of teleportation
 z - a scroll of acquirement
Potions
 l - 4 potions of enlightenment
 m - 4 potions of curing
 q - 2 potions of heal wounds
 u - 2 potions of lignification
 w - 2 potions of magic
 x - 7 potions of mutation
 y - a potion of berserk rage {unknown}
 A - 3 potions of ambrosia {unknown}
 B - a potion of attraction {unknown}
 C - 2 potions of resistance {unknown}
 D - 2 potions of haste {unknown}


   Skills:
 - Level 2.4 Dodging
 - Level 2.4 Stealth
 + Level 18.2 Spellcasting
 + Level 15.9 Conjurations


You had 15 spell levels left.
You knew the following spells:

 Your Spells              Type           Power      Damage    Failure   Level
a - Magic Dart            Conj           100%       1d8       0%          1
b - Sting                 Conj/Alch      100%       1d9       1%          1
c - Foxfire               Conj/Fire      100%       2x1d9     1%          1
d - Searing Ray           Conj           100%       2d8       0%          2
e - Momentum Strike       Conj/Tloc      100%       3d10      1%          2
f - Hailstorm             Conj/Ice       83%        3d14      1%          3
g - Stone Arrow           Conj/Erth      100%       3d13      1%          3
h - Fulminant Prism       Conj/Alch      41%        3d19      1%          4
i - Iskenderun's Mystic   Conj/Tloc      83%        2d16      1%          4
j - Irradiate             Conj/Alch      41%        3d25      1%          5
k - Starburst             Conj/Fire      41%        6d12      2%          6

Your spell library contained the following spells:

 Spells                   Type           Power      Damage    Failure   Level
 Freeze                   Ice            100%       1d10      1%          1
 Slow                     Hex            100%       N/A       1%          1
 Frozen Ramparts          Ice            52%        1d8       1%          3
 Blink                    Tloc           52%        N/A       2%          2
 Lesser Beckoning         Tloc           52%        N/A       2%          2
 Sublimation of Blood     Necr           26%        N/A       2%          2
 Confusing Touch          Hex            26%        N/A       4%          3
 Sigil of Binding         Hex            26%        N/A       4%          3
 Vampiric Draining        Necr           26%        2d7       4%          3
 Petrify                  Alch/Erth      26%        N/A       16%         4
 Summon Forest            Summ/Tloc      13%        N/A       41%         5
 Summon Mana Viper        Hex/Summ       26%        N/A       41%         5
 Plasma Beam              Fire/Air       13%        2x1d24    50%         6
 Summon Cactus Giant      Summ           13%        N/A       94%         6


Dungeon Overview and Level Annotations

Branches:
Dungeon (12/15)            Temple (1/1) D:5            Lair (0/5) D:10
    Orc (0/2) D:9         Ossuary (visited)

Altars:
Ashenzari
Cheibriados
Dithmenos
Elyvilon
Fedhas
Gozag
Hepliaklqana
Kikubaaqudgha
Makhleb
Nemelex Xobeh
Okawaru
Qazlal
Ru
Sif Muna
Trog
Uskayaw
Vehumet
Wu Jian
Xom
Yredelemnul
Zin
The Shining One

Shops:
D:1 *


Message History

The boulder beetle is severely wounded.
The boulder beetle is knocked back by the mystic blast.
The boulder beetle slams into the rock wall!
Casting: Iskenderun's Mystic Blast (safe; 1% risk of failure)
Confirm with . or Enter, or press ? or * to list all spells.
You feel a surge of power!
You erupt in a blast of force!
The mystic blast hits the boulder beetle!!
The boulder beetle is almost dead.
The boulder beetle is knocked back by the mystic blast.
The boulder beetle slams into the rock wall!
You kill the boulder beetle!
Vehumet accepts your kill.
You feel your power returning.
A cyclops comes into view.
The troll shouts!
The cyclops throws a large rock.
The large rock hits you!
Found a potion of magic.
The cyclops throws a large rock.
The large rock hits you!!
* * * LOW HITPOINT WARNING * * *
Casting: Iskenderun's Mystic Blast (safe; 1% risk of failure)
Confirm with . or Enter, or press ? or * to list all spells.
You feel a surge of power!
You erupt in a blast of force!
The mystic blast hits the troll!!
The troll is heavily wounded.
The troll is knocked back by the mystic blast.
You hear two shouts!
You feel much better.
Casting: Iskenderun's Mystic Blast (safe; 1% risk of failure)
Confirm with . or Enter, or press ? or * to list all spells.
You feel a surge of power!
You erupt in a blast of force!
The mystic blast hits the troll!
The troll is almost dead.
The troll is knocked back by the mystic blast.
The mystic blast hits the cyclops!
The cyclops is moderately wounded.
The cyclops is knocked back by the mystic blast.
A two-headed ogre comes into view.
It is wielding a +0 giant spiked club and a +0 giant club.
The cyclops throws a large rock.
The large rock hits you!!
Ouch! That really hurt!
You die...

......!..........
.....O............#
..................#
..................#
..................#
.....C............#
.......T...$......#
.......@..........#
..................#
..................#
..................#
..................#
###########.......#
#.......# #.......#
#.#####.#


You could see a two-headed ogre, a cyclops and a troll.

Vanquished Creatures
  Erolcha (D:9)
  A catoblepas (D:10)
  2 boulder beetles
  3 two-headed ogres
  Pikel (D:4)
  A manticore (D:10)
  Maurice (D:7)
  A cyclops (D:12)
  An elephant (D:10)
  The ghost of Computerfleisch the Covered, a novice MiFi of Trog (D:5)
  An unseen horror (D:11)
  Jeremiah (D:7)
  2 kobold demonologists (D:12)
  5 trolls
  Prince Ribbit (D:8)
  3 hornets
  2 vampires
  3 shadows
  2 wraiths (D:11)
  A wyvern (D:8)
  5 yaks
  2 steam dragons
  Menkaure (D:6)
  2 acid dragons
  3 water moccasins
  Duvessa (D:4)
  An orc warrior (D:9)
  4 ice beasts
  4 black bears
  An ogre (D:6)
  6 centaurs
  2 phantoms
  Blork the orc (D:6)
  9 kobold brigands
  2 weeping skulls (Ossuary)
  3 bullfrogs
  A gnoll sergeant (D:7)
  2 scorpions (D:10)
  A water moccasin zombie (D:5)
  A wyvern skeleton (D:5)
  7 wights
  Dowan (D:4)
  4 killer bees (D:11)
  2 howler monkeys
  3 bombardier beetles
  5 hounds
  A bullfrog skeleton (D:5)
  A jelly (D:7)
  11 orc priests
  2 sleepcaps (D:5)
  9 orc wizards
  3 iguanas
  Terence (D:3)
  3 mummies (Ossuary)
  Robin (D:4)
  4 adders
  10 gnolls
  2 white imps
  4 ufetubi (D:5)
  4 dart slugs
  38 orcs
  10 bats
  3 endoplasms
  4 giant cockroaches
  14 goblins
  15 hobgoblins
  14 jackals
  6 quokkas
  4 ball pythons
  5 frilled lizards
  A gnoll zombie (Ossuary)
  27 kobolds
  3 kobold zombies (Ossuary)
  4 orc zombies (Ossuary)
  6 rats
318 creatures vanquished.

Vanquished Creatures (others)
  An orc (D:7)
  14 fulminant prisms
15 creatures vanquished.

Grand Total: 333 creatures vanquished

Notes
Turn   | Place    | Note
-------+----------+-------------------------------------------
     0 | D:1      | Heoruswealwe the Deep Elf Conjurer began the quest for the
                  | Orb.
     0 | D:1      | Reached XP level 1. HP: 10/10 MP: 6/6
    20 | D:1      | Found Zygios Itoh's General Store.
   331 | D:1      | Reached XP level 2. HP: 15/15 MP: 3/8
   334 | D:1      | Learned a level 2 spell: Searing Ray
   776 | D:1      | Reached skill level 4 in Spellcasting
   856 | D:2      | Reached skill level 5 in Conjurations
   856 | D:2      | Reached XP level 3. HP: 19/19 MP: 5/10
  1747 | D:2      | You fall into a shaft and drop 2 floors!
  1756 | D:4      | Reached XP level 4. HP: 24/24 MP: 10/12
  1761 | D:4      | Learned a level 4 spell: Fulminant Prism
  1766 | D:4      | Learned a level 4 spell: Iskenderun's Mystic Blast
  1990 | D:3      | Reached skill level 5 in Spellcasting
  2049 | D:3      | Noticed Terence
  2057 | D:3      | Killed Terence
  2088 | D:3      | Reached XP level 5. HP: 14/28 MP: 3/15
  2215 | D:3      | Found a stormy altar of Qazlal.
  2638 | D:4      | Noticed Duvessa
  2638 | D:4      | Noticed Dowan
  2661 | D:4      | Killed Duvessa
  2662 | D:4      | Reached skill level 6 in Spellcasting
  2662 | D:4      | Reached XP level 6. HP: 28/32 MP: 17/17
  2663 | D:4      | Killed Dowan
  2771 | D:4      | Reached skill level 7 in Spellcasting
  2856 | D:4      | Learned a level 2 spell: Momentum Strike
  2862 | D:4      | Learned a level 5 spell: Irradiate
  3124 | D:4      | Noticed Robin
  3142 | D:4      | Killed Robin
  3230 | D:4      | Noticed Pikel
  3242 | D:4      | Killed Pikel
  3243 | D:4      | Reached skill level 8 in Spellcasting
  3243 | D:4      | Reached XP level 7. HP: 5/36 MP: 21/21
  3361 | D:4      | Found a bloodstained altar of Trog.
  3623 | D:5      | Entered Level 5 of the Dungeon
  3623 | D:5      | Found a staircase to the Ecumenical Temple.
  3631 | D:5      | Reached skill level 9 in Spellcasting
  3631 | D:5      | Reached XP level 8. HP: 38/41 MP: 23/23
  3651 | D:5      | Found a transporter.
  3655 | D:5      | Found a transporter.
  3656 | D:5      | Noticed Computerfleisch's ghost (novice MiFi)
  3678 | D:5      | Found a sand-covered staircase.
  3699 | Ossuary  | Entered an ossuary
  3814 | Ossuary  | Reached skill level 10 in Spellcasting
  4220 | Temple   | Entered the Ecumenical Temple
  4256 | Temple   | Became a worshipper of Vehumet
  4453 | D:1      | Bought a scroll of identify for 28 gold pieces
  4453 | D:1      | Bought a scroll of revelation for 105 gold pieces
  4551 | D:4      | You fall into a shaft and drop 1 floor!
  5033 | D:5      | Reached skill level 11 in Spellcasting
  5033 | D:5      | Reached skill level 10 in Conjurations
  5040 | D:5      | Reached XP level 9. HP: 38/45 MP: 22/26
  5042 | D:5      | Killed Computerfleisch's ghost
  5256 | D:6      | Noticed Menkaure
  5264 | D:6      | Killed Menkaure
  5342 | D:6      | Reached skill level 12 in Spellcasting
  5455 | D:6      | Noticed Blork the orc
  5460 | D:6      | Killed Blork the orc
  5608 | D:6      | Reached * piety under Vehumet
  5608 | D:6      | Offered knowledge of Sandblast by Vehumet.
  5718 | D:6      | Found a burning altar of Makhleb.
  5930 | D:7      | Noticed Maurice
  5946 | D:7      | Killed Maurice
  5946 | D:7      | Noticed Jeremiah
  5947 | D:7      | Reached skill level 13 in Spellcasting
  5954 | D:7      | Identified the ring of Obuexer {Ice Dex+2}
  5958 | D:7      | Reached XP level 10. HP: 30/50 MP: 11/29
  5959 | D:7      | Killed Jeremiah
  6054 | D:7      | Reached ** piety under Vehumet
  6054 | D:7      | Offered knowledge of Sting by Vehumet.
  6275 | D:7      | Learned a level 1 spell: Sting
  6433 | D:7      | Reached skill level 14 in Spellcasting
  6555 | D:7      | Offered knowledge of Inner Flame by Vehumet.
  6759 | D:7      | Learned a level 1 spell: Foxfire
  6763 | D:7      | Learned a level 3 spell: Hailstorm
  6770 | D:7      | Learned a level 6 spell: Starburst
  7369 | D:8      | Found an ancient bone altar of Kikubaaqudgha.
  7399 | D:8      | Noticed Prince Ribbit
  7411 | D:8      | Killed Prince Ribbit
  7411 | D:8      | Reached *** piety under Vehumet
  7534 | D:8      | Found a blossoming altar of Fedhas.
  8077 | D:9      | Noticed a two-headed ogre
  8082 | D:9      | Reached skill level 15 in Spellcasting
  8089 | D:9      | Killed a two-headed ogre
  8171 | D:9      | Found a staircase to the Orcish Mines.
  8266 | D:9      | Offered knowledge of Volatile Blastmotes by Vehumet.
  8267 | D:9      | Reached XP level 11. HP: 54/54 MP: 32/32
  8295 | D:9      | Noticed Erolcha
  8303 | D:9      | Killed Erolcha
  8304 | D:9      | Reached skill level 16 in Spellcasting
  8455 | D:9      | Found a snail-covered altar of Cheibriados.
  8599 | D:10     | Entered Level 10 of the Dungeon
  8599 | D:10     | Noticed a catoblepas
  8602 | D:10     | Killed a catoblepas
  8871 | D:10     | Identified a scroll of acquirement
  9094 | D:10     | Found a sacrificial altar of Ru.
  9094 | D:10     | Found a sparkling altar of Nemelex Xobeh.
  9094 | D:10     | Found a shadowy altar of Dithmenos.
  9710 | D:10     | Found a staircase to the Lair.
  9920 | D:11     | Reached **** piety under Vehumet
 10123 | D:11     | Reached skill level 17 in Spellcasting
 10179 | D:11     | Noticed a two-headed ogre
 10183 | D:11     | Offered knowledge of Stone Arrow by Vehumet.
 10192 | D:11     | Killed a two-headed ogre
 10193 | D:11     | Reached skill level 15 in Conjurations
 10197 | D:11     | Learned a level 3 spell: Stone Arrow
 10323 | D:11     | Noticed a boulder beetle
 10346 | D:11     | Killed a boulder beetle
 10564 | D:11     | Noticed a two-headed ogre
 10574 | D:11     | Killed a two-headed ogre
 10920 | D:12     | Reached XP level 12. HP: 59/59 MP: 35/35
 10944 | D:12     | Reached skill level 18 in Spellcasting
 11143 | D:12     | Noticed a boulder beetle
 11160 | D:12     | Killed a boulder beetle
 11175 | D:12     | Noticed a two-headed ogre
 11176 | D:12     | Hit by a large rock thrown by a cyclops

Illustrated notes

Levels and vault maps discovered:
D:1:      lemuel_arrival_broad_hall, layout_basic, serial_shops, shop
D:2:      layout_loops_ring
D:3:      layout_basic, lemuel_doored_altar, uniq_terence
D:4:      layout_basic, bloody_trog, kennysheep_generic_room_13, uniq_pikel,
          uniq_duvessa, uniq_robin
D:5:      layout_rooms, minmay_temple_entry_glass, gammafunk_ghost_mausoleum,
          nicolae_ossuary_entry_monument
D:6:      layout_loops_cross, mainiacjoe_overflow_alcove_4, uniq_menkaure,
          uniq_blork_the_orc
D:7:      kennysheep_housing_project, layout_rooms, uniq_jeremiah, uniq_maurice
D:8:      layout_loops_ring, fedhas_altar_3, mainiacjoe_overflow_cross_hatched,
          uniq_prince_ribbit1
D:9:      layout_rooms, slow_altar_1, hiddenorc1_lemuel,
          dreamdust_deal_with_the_devil, uniq_erolcha
D:10:     nzn_motion_control, layout_stronghold, gammafunk_temple_overflow_claw,
          grunt_lair_entry_orc_guard_hut, david_defended_altar_orc
D:11:     layout_small_grid
D:12:     layout_stronghold, uniq_psyche
Temple:   nicolae_temple_figure_eight

Skill      XL: |  1  2  3  4  5  6  7  8  9 10 11 12 |
---------------+-------------------------------------+-----
Spellcasting   | 4 5 6 8 9 11 13 15 17 18 | 18.2
Conjurations   | 5 6 8 10 11 13 15 | 15.9
Dodging        | |  2.4
Stealth        | |  2.4

Action                     |  1- 3 |  4- 6 |  7- 9 | 10-12 || total
---------------------------+-------+-------+-------+-------++-------
  Melee: Staff             |     1 |     5 |       |     3 ||     9
         Short sword       |       |     6 |       |       ||     6
         Battleaxe         |       |       |       |   128 ||   128
   Cast: Magic Dart        |    70 |    75 |    81 |   116 ||   342
         Searing Ray       |     2 |    10 |    23 |     5 ||    40
         Momentum Strike   |       |     1 |       |       ||     1
         Iskenderun's Myst |       |       |    19 |   126 ||   145
         Fulminant Prism   |       |       |     3 |    11 ||    14
         Starburst         |       |       |       |     3 ||     3
         Hailstorm         |       |       |       |     2 ||     2
    Use: Scroll            |       |       |     6 |     9 ||    15
         Potion            |       |       |       |     4 ||     4
   Stab: Sleeping          |       |     1 |       |       ||     1
 Armour: Robe              |     4 |    27 |    34 |    62 ||   127
  Dodge: Dodged            |     4 |    39 |    49 |    46 ||   138
